 Dungeon Crawl Stone Soup version 0.30.1-4-g462c640d31 (webtiles) character file.

Game seed: 2484261255789055190

3420 HagarQim the Fighter (level 9, -5/83 HPs)
             Began as a Minotaur Fighter on Sept 9, 2023.
             Was a Follower of Uskayaw.
             Killed from afar by an electric eel (6 damage)
             ... with a bolt of electricity
             ... on level 7 of the Dungeon.
             The game lasted 00:15:18 (6259 turns).

HagarQim the Fighter (Minotaur Fighter)             Turns: 6259, Time: 00:15:19

Health: -5/83      AC: 15    Str: 25    XL:     9   Next: 76%
Magic:  8/8        EV:  9    Int:  5    God:    Uskayaw [*.....]
Gold:   221        SH:  5    Dex: 10    Spells: 8/8 levels left

rFire   . . .        t - +2 whip (flame)
rCold   . . .        c - +0 buckler
rNeg    . . .        q - +0 chain mail
rPois   .            (helmet restricted)
rElec   .            n - +0 cloak
rCorr   .            r - +0 pair of gloves
SInv    .            s - +0 pair of boots
Will    .....        m - amulet of faith Stlth
                     (no ring)
HPRegen 0.33/turn    (no ring)
MPRegen 0.11/turn

%: faith
@: hasted, slow
A: horns 2, retaliatory headbutt
a: Renounce Religion, Stomp


You were on level 7 of the Dungeon.
You worshipped Uskayaw.
Uskayaw was noncommittal.
You visited 1 branch of the dungeon, and saw 7 of its levels.

You collected 324 gold pieces.
You spent 103 gold pieces at shops.

Inventory:

Hand Weapons
 a - a +0 war axe
 o - a +5 great sword
 t - a +2 whip of flaming (weapon)
Missiles
 u - an atropa-tipped dart (quivered)
 w - a throwing net
Armour
 c - a +0 buckler (worn)
 n - a +0 cloak (worn)
 q - a +0 chain mail (worn)
 r - a +0 pair of gloves (worn)
 s - a +0 pair of boots (worn)
Jewellery
 m - an amulet of faith (around neck)
Wands
 y - a wand of roots (9)
Scrolls
 f - a scroll of immolation
 i - a scroll of amnesia
 k - a scroll of summoning {unknown}
 p - a scroll of teleportation
Potions
 b - a potion of mutation {unknown}
 d - 2 potions of might
 e - 3 potions of haste
 g - 2 potions of heal wounds
 h - a potion of lignification {unknown}
 j - 4 potions of curing
 l - a potion of degeneration {unknown}
 v - 2 potions of brilliance {unknown}
 z - a potion of berserk rage {unknown}


   Skills:
 * Level 9.1 Fighting
 + Level 7.5(8.9) Axes
 + Level 7.1(8.6) Maces & Flails
 + Level 0.2 Throwing
 + Level 8.3 Armour
 + Level 3.6 Dodging
 + Level 2.3 Stealth
 + Level 5.6 Shields


You had 8 spell levels left.
You didn't know any spells.
Your spell library contained the following spells:

 Spells                   Type           Power      Damage    Failure   Level
 Apportation              Tloc           0%         N/A       95%         1
 Magic Dart               Conj           0%         1d3       95%         1
 Necrotise                Necr           0%         1d4       95%         1
 Call Imp                 Summ           0%         N/A       99%         2
 Mephitic Cloud           Conj/Pois/Air  0%         N/A       100%        3
 Summon Guardian Golem    Hex/Summ       0%         N/A       100%        3
 Vampiric Draining        Necr           0%         2d6       100%        3
 Agony                    Necr           0%         N/A       100%        5
 Alistair's Intoxication  Tmut/Pois      0%         N/A       100%        5
 Simulacrum               Ice/Necr       0%         N/A       100%        6
 Orb of Destruction       Conj           0%         9d5       100%        7
 Ozocubu's Refrigeration  Ice            0%         4d7       100%        7
 Spellforged Servitor     Conj/Summ      0%         N/A       100%        7
 Polar Vortex             Ice            0%         N/A       100%        9


Dungeon Overview and Level Annotations

Branches:
Dungeon (7/15)             Temple (0/1) D:6

Altars:
Elyvilon
Nemelex Xobeh
Uskayaw
Xom
Yredelemnul
The Shining One

Shops:
D:3 [[=(*


Innate Abilities, Weirdness & Mutations

You have a pair of horns on your head.
You reflexively headbutt those who attack you in melee.


Message History

The bolt of electricity misses you.
The electric eel shoots out a bolt of lightning at you!
The bolt of electricity hits you.
The electric eel shoots out a bolt of lightning at you!
The bolt of electricity hits you!
* * * LOW HITPOINT WARNING * * *
You start resting.
An electric eel is nearby!
An electric eel comes into view.
The electric eel shoots out a bolt of lightning at you!
The bolt of electricity hits you!
* * * LOW HITPOINT WARNING * * *
You see here 19 gold pieces.
You feel much better.
The electric eel shoots out a bolt of lightning at you!
The bolt of electricity hits you!
You feel yourself speed up.
The electric eel shoots out a bolt of lightning at you!
The bolt of electricity hits you!
The electric eel shoots out a bolt of lightning at you!
The bolt of electricity hits you!
* * * LOW HITPOINT WARNING * * *
The electric eel shoots out a bolt of lightning at you!
The bolt of electricity hits you.
* * * LOW HITPOINT WARNING * * *
You enter the shallow water.
Moving in this stuff is going to be slow.
You hit the electric eel. You burn the electric eel.
The electric eel is lightly wounded.
The electric eel shoots out a bolt of lightning at you!
The bolt of electricity misses you.
The electric eel shoots out a bolt of lightning at you!
The bolt of electricity hits you!
* * * LOW HITPOINT WARNING * * *
You barely miss the electric eel. Your headbutt misses the electric eel.
The electric eel is lightly wounded.
Your unstable footing causes you to fumble your attack.
The electric eel shoots out a bolt of lightning at you!
The bolt of electricity hits you.
You die...

S≈~#.# ≈~
♣S.#.# ≈.≈
♣≈~..#
≈~≈♣♣♣≈~..#
≈.≈≈≈≈≈.#.#
....~~.#$#
≈≈≈≈~#.# ≈
♣≈~#.##### ≈~≈
♣S@......#
≈~≈♣♣♣≈~....!.#
≈.≈≈≈≈≈~.<....#
~~~~~.~......[#
≈.≈≈≈≈≈.......#
♣
≈~≈♣♣♣≈~......#
♣ ≈.≈
♣≈~.###### ♣
≈.≈♣♣♣≈...## ≈
≈.≈≈≈≈≈....#


You could see 2 electric eels.

Vanquished Creatures
  Pikel (D:4)
  A wyvern (D:7)
  2 steam dragons
  A water moccasin (D:7)
  3 ice beasts
  A sky beast (D:7)
  5 ogres
  A centaur (D:7)
  3 lemures (D:4)
  2 bullfrogs (D:6)
  5 scorpions
  5 wights (D:7)
  A howler monkey (D:6)
  3 electric eels (D:7)
  2 orc priests (D:7)
  A gnoll bouda (D:5)
  3 hounds
  2 sleepcaps
  7 iguanas
  2 orc wizards (D:6)
  6 gnolls
  11 adders
  2 white imps
  An ufetubus (D:7)
  3 worms
  3 dart slugs
  11 orcs
  6 bats
  5 endoplasms
  3 giant cockroaches
  8 goblins
  4 hobgoblins
  10 jackals
  5 quokkas
  11 ball pythons
  5 frilled lizards
  4 kobolds
  4 rats
153 creatures vanquished.

Vanquished Creatures (others)
  An orc wizard (D:6)
1 creature vanquished.

Grand Total: 154 creatures vanquished

Notes
Turn   | Place    | Note
-------+----------+-------------------------------------------
     0 | D:1      | HagarQim the Minotaur Fighter began the quest for the Orb.
     0 | D:1      | Reached XP level 1. HP: 19/19 MP: 0/0
   309 | D:1      | Reached XP level 2. HP: 19/27 MP: 1/1
   386 | D:1      | Reached skill level 4 in Fighting
   695 | D:1      | Reached XP level 3. HP: 16/33 MP: 2/2
  1550 | D:2      | Reached XP level 4. HP: 41/41 MP: 3/3
  1668 | D:3      | Found Xumuej's Jewellery Boutique.
  1711 | D:3      | Found Faklei's Armour Shoppe.
  1814 | D:3      | Identified the +2 robe of Mezcal {rC+ rN+ Dex-2 Stlth+}
  1859 | D:3      | Found Siary's Armour Shoppe.
  2081 | D:3      | Reached XP level 5. HP: 46/47 MP: 4/4
  2155 | D:3      | Found Wuvigg's Weapon Shoppe.
  2168 | D:3      | Found Bainarri's Assorted Antiques.
  2354 | D:3      | Bought a +0 pair of gloves for 54 gold pieces
  2374 | D:3      | Bought a +0 pair of boots for 49 gold pieces
  2408 | D:4      | Noticed an ogre
  2416 | D:4      | Killed an ogre
  2417 | D:4      | Reached skill level 5 in Fighting
  2417 | D:4      | Reached skill level 5 in Axes
  2417 | D:4      | Reached skill level 1 in Dodging
  2420 | D:4      | Noticed a lemure
  2421 | D:4      | Noticed a lemure
  2422 | D:4      | Noticed Pikel
  2424 | D:4      | Noticed a lemure
  2428 | D:4      | Noticed a lemure
  2430 | D:4      | Killed a lemure
  2432 | D:4      | Killed a lemure
  2436 | D:4      | Reached XP level 6. HP: 42/56 MP: 5/5
  2441 | D:4      | Killed Pikel
  2442 | D:4      | Reached skill level 6 in Fighting
  2442 | D:4      | Reached XP level 7. HP: 26/64 MP: 6/6
  2581 | D:4      | Reached skill level 5 in Armour
  2684 | D:4      | Found a basalt altar of Yredelemnul.
  2695 | D:4      | Reached skill level 1 in Maces & Flails
  3220 | D:5      | Entered Level 5 of the Dungeon
  3446 | D:5      | Reached skill level 7 in Fighting
  3446 | D:5      | Noticed a steam dragon
  3451 | D:5      | Killed a steam dragon
  3452 | D:5      | Reached XP level 8. HP: 72/73 MP: 7/7
  3612 | D:5      | Reached skill level 5 in Shields
  3652 | D:5      | Found a white marble altar of Elyvilon.
  3952 | D:5      | Found a hide-covered altar of Uskayaw.
  3966 | D:5      | Became a worshipper of Uskayaw the Reveller
  4024 | D:5      | Reached * piety under Uskayaw
  4083 | D:5      | Reached ** piety under Uskayaw
  4276 | D:5      | Found a sparkling altar of Nemelex Xobeh.
  4543 | D:6      | Reached *** piety under Uskayaw
  4676 | D:6      | Found a staircase to the Ecumenical Temple.
  4698 | D:6      | Reached skill level 8 in Fighting
  4709 | D:6      | Reached **** piety under Uskayaw
  4711 | D:6      | Reached XP level 9. HP: 78/81 MP: 8/8
  4732 | D:6      | Reached ***** piety under Uskayaw
  4735 | D:6      | Reached skill level 5 in Maces & Flails
  4884 | D:6      | Reached skill level 1 in Stealth
  4923 | D:6      | Found a shimmering altar of Xom.
  4952 | D:6      | Found a glowing golden altar of the Shining One.
  5785 | D:7      | Reached ****** piety under Uskayaw
  6116 | D:7      | Reached skill level 9 in Fighting
  6257 | D:7      | HP: 1/83 [electric eel/bolt of electricity (10)]
  6259 | D:7      | Killed from afar by an electric eel

Illustrated notes

Levels and vault maps discovered:
D:1:      psy_arrival_radial02, layout_basic
D:2:      layout_loops_corners, kennysheep_generic_room_14
D:3:      layout_rooms, serial_shops, nicolae_shop_behind_doors,
          nicolae_shop_hallway_stairs, nicolae_shop_advertising_works
          [nicolae_subvault_shop_adworks], nicolae_shop_rolling_square,
          nicolae_shop_tiny_real_fake_doors, nrook_campfire,
          minmay_divided_ellipse
D:4:      layout_rooms, lemuel_crystal_altar, serial_forest,
          infiniplex_forest_end_double, infiniplex_forest_lined_2,
          infiniplex_forest_lined_room_2, infiniplex_forest_lined_4_way,
          infiniplex_forest_end_2, infiniplex_forest_end_2,
          infiniplex_forest_lined_corner, infiniplex_forest_clump_C,
          infiniplex_forest_end_3, uniq_pikel
D:5:      minmay_skewed_foursquare, layout_basic, mainiacjoe_overflow_big_doors,
          elyvilon_altar_5, kennysheep_doodads, chequers_serial_rivers_large_a
D:6:      layout_basic, mainiacjoe_overflow_large_starburst,
          minmay_temple_entry_antechambers
D:7:      layout_rooms, kennysheep_boxes

Skill      XL: |  1  2  3  4  5  6  7  8  9 |
---------------+----------------------------+-----
Shields        | 4 5 |  5.6
Fighting       | 4 5 6 7 8 9 |  9.1
Axes           | 3 4 5 6 7 |  7.5
Armour         | 4 5 7 8 |  8.3
Dodging        | 1 2 3 |  3.6
Maces & Flails | 1 4 7 |  7.1
Stealth        | 2 |  2.3
Throwing       | |  0.2

Action                     |  1- 3 |  4- 6 |  7- 9 || total
---------------------------+-------+-------+-------++-------
  Melee: War axe           |    89 |    76 |       ||   165
         Headbutt          |    12 |    14 |    51 ||    77
         Whip              |       |       |   298 ||   298
  Throw: Dart              |       |     2 |       ||     2
    Use: Potion            |       |     1 |     3 ||     4
         Scroll            |       |       |    10 ||    10
   Stab: Paralysed         |       |       |     8 ||     8
 Armour: Scale mail        |    38 |    12 |       ||    50
         Chain mail        |       |    25 |   106 ||   131
  Dodge: Dodged            |    59 |    38 |    90 ||   187
  Block: Buckler           |    22 |    13 |    43 ||    78
